 Dungeon Crawl Stone Soup version 0.27-a0-531-gb72ec1a1b6 (webtiles) character file.

Game seed: 3532327068509933733

4 jasper the Sneak (level 1, 0/18 HPs)
             Began as a Demonspawn Delver on Mar 5, 2021.
             Slain by an adder (1 damage)
             ... on level 4 of the Dungeon.
             The game lasted 00:00:16 (44 turns).

jasper the Sneak (Demonspawn Delver)                  Turns: 44, Time: 00:00:17

Health: 0/18       AC:  3    Str: 12    XL:     1   Next: 50%
Magic:  1/1        EV: 11    Int: 11    God:
Gold:   0          SH:  0    Dex: 14    Spells: 0/0 levels left

rFire    . . .     SeeInvis .   a - +0 falchion
rCold    . . .     Faith    .   (no shield)
rNeg     . . .     Spirit   .   b - +0 leather armour
rPois    .         Reflect  .   (no helmet)
rElec    .         Harm     .   (no cloak)
rCorr    .         Rampage  .   (no gloves)
Will     .....                  (no boots)
Stlth    ++........             (no amulet)
HPRegen  0.06/turn              (no ring)
MPRegen  0.07/turn              (no ring)

@: lethally poisoned (0 -> -5), hasted, very quick
A: no striking features
a: no special abilities


You were on level 4 of the Dungeon.
You visited 1 branch of the dungeon, and saw 2 of its levels.

Inventory:

Hand Weapons
 a - a +0 falchion (weapon)
Armour
 b - a +0 leather armour (worn)
Wands
 g - a wand of digging (3)
Scrolls
 c - a scroll of fog
 d - a scroll of magic mapping
 e - a scroll of fear


   Skills:
 - Level 3.0 Fighting
 + Level 1.8 Long Blades
 - Level 1.8 Dodging
 - Level 4.5 Stealth


You couldn't memorise any spells.
You didn't know any spells.
Your spell library was empty.

Dungeon Overview and Level Annotations

Branches:
Dungeon (5/15)
 Temple: D:4-7

Altars:


Message History

You hit the adder.
The adder is severely wounded.
The adder barely misses you.
You closely miss the adder.
The adder is severely wounded.
The adder bites you.
You are more poisoned.
The adder poisons you!
You take 1 damage, and have 12/18 hp.
You closely miss the adder.
The adder is severely wounded.
You feel sick. The adder barely misses you.
You riposte.
You hit the adder but do no damage.
The adder is severely wounded.
You take 1 damage, and have 11/18 hp.
You miss the adder.
The adder is severely wounded.
The adder barely misses you. The adder misses you.
You closely miss the adder.
The adder is severely wounded.
You feel sick. The adder bites you.
You take 2 damage, and have 9/18 hp.
You miss the adder.
The adder is severely wounded.
The adder bites you.
You take 1 damage, and have 8/18 hp.
You hit the adder but do no damage.
The adder is severely wounded.
You feel sick. The adder bites you.
* * * LOW HITPOINT WARNING * * *
You take 6 damage, and have 2/18 hp.
MASSIVE DAMAGE!!
You closely miss the adder.
The adder is severely wounded.
The adder bites you.
* * * LOW HITPOINT WARNING * * *
You take 1 damage, and have 1/18 hp.
You hit the adder but do no damage.
The adder is severely wounded.
The adder bites you.
You die...

##########################
........ZS@.....†.>.......
###...(##################
#....# #....# #....#
......# .....### ......
......


You could see an adder and a bullfrog skeleton.

Vanquished Creatures
  3 jackals (D:4)
3 creatures vanquished.

Notes
Turn   | Place    | Note
-------+----------+-------------------------------------------
     0 | D:5      | jasper the Demonspawn Delver began the quest for the Orb.
     0 | D:5      | Reached XP level 1. HP: 18/18 MP: 1/1
     9 | D:5      | Noticed an ogre
    44 | D:4      | Slain by an adder

Illustrated notes

Levels and vault maps discovered:
D:4:      layout_basic, minmay_temple_entry_glassed_door, uniq_sigmund,
          uniq_duvessa
D:5:      layout_rooms, led_sif_pool, nemelex_altar_shiori,
          minmay_misc_feat_rows, chequers_mini_garden, uniq_eustachio

Action                   || total
-------------------------++-------
Melee: Falchion          ||    18
  Use: Potion            ||     1
 Stab: Sleeping          ||     2
Armor: Leather armour    ||     4
Dodge: Dodged            ||    10
       Rpst.: Falchion   ||     2

Table legend: (Time is in decaauts)
 A = Elapsed time spent in this place.
 B = Non-inter-level travel time spent in this place.
 C = Inter-level travel time spent in this place.
 D = Time resting spent in this place.
 E = Time spent auto-exploring this place.
 F = Levels seen in this place.
 G = Mean time per level.
                   A        B        C        D        E       F      G
               +--------+--------+--------+--------+--------+-----+--------+
         Total |     43 |     43 |      0 |      0 |      9 |   2 |   21.5 |
       Dungeon |     43 |     43 |      0 |      0 |      9 |   2 |   21.5 |
               +--------+--------+--------+--------+--------+-----+--------+

Top non-repeatable levels by time:
     D:4: 32 daAuts
     D:5: 11 daAuts
